 Dungeon Crawl Stone Soup version 0.31-a0-986-g5e6e4ef867 (webtiles) character file.

Game seed: 2711986873796914674

87 timneilson the Covered (level 4, -3/28 HPs)
             Began as a Gargoyle Fighter on Nov 12, 2023.
             Slain by an ogre
             ... wielding a +0 giant club
              (28 damage)
             ... on level 3 of the Dungeon.
             The game lasted 00:02:04 (1241 turns).

timneilson the Covered (Gargoyle Fighter)           Turns: 1241, Time: 00:02:05

Health: -3/28      AC: 13    Str: 20    XL:     4   Next: 51%
Magic:  4/4        EV:  8    Int:  8    God:
Gold:   128        SH:  4    Dex: 11    Spells: 3/3 levels left

rFire   . . .        a - +0 long sword
rCold   . . .        c - +0 buckler
rNeg    + . .        e - +0 chain mail
rPois   ∞            (no helmet)
rElec   +            (no cloak)
rCorr   .            (no gloves)
SInv    .            (no boots)
Will    .....        (no amulet) Stlth
                     (no ring)
HPRegen 0.24/turn    (no ring)
MPRegen 0.09/turn

%: no passive effects
@: mighty
A: sickness immunity, AC +3, negative energy resistance 1, electricity
resistance, torment resistance 1, petrification resistance
a: no special abilities


You were on level 3 of the Dungeon.
You visited 1 branch of the dungeon, and saw 3 of its levels.

You collected 128 gold pieces.

Inventory:

Hand Weapons
 a - a +0 long sword (weapon)
Armour
 b - a +0 scale mail
 c - a +0 buckler (worn)
 e - a +0 chain mail (worn)
Scrolls
 g - 2 scrolls of teleportation
 h - a scroll of identify
 j - a scroll of revelation {unknown}
Potions
 f - 3 potions of curing
 i - a potion of heal wounds


   Skills:
 + Level 3.6 Fighting
 * Level 2.5 Long Blades
 * Level 4.1 Armour
 + Level 0.7 Dodging
 * Level 4.0 Shields


You had 3 spell levels left.
You didn't know any spells.
Your spell library was empty.

Dungeon Overview and Level Annotations

Branches:
Dungeon (3/15)

Altars:


Innate Abilities, Weirdness & Mutations

You are immune to sickness and miasma.
Your stone body is resilient. (AC +3)
You are immune to poison.
You resist negative energy. (rN+)
You are resistant to electric shocks. (rElec)
You are resistant to unholy torment.
You are immune to petrification.


Message History

No target in view!
No target in view!
No target in view!
No target in view!
You open the door. 5 goblins and an ogre come into view.
The goblin shouts! x5; The ogre shouts!
You hear a shout! x2
A goblin comes into view. It is wielding a +0 club. x2
The goblin moves out of view.
You hear a shout!
Found 6 large rocks.
The goblin attacks as it pursues you! The goblin barely misses you.
The goblin attacks as it pursues you! The goblin barely misses you.
You barely miss the goblin. The goblin closely misses you.
You closely miss the goblin. The goblin hits you with a +0 club.
The goblin hits you but does no damage.
You hit the goblin.
You kill the goblin!
You feel very mighty all of a sudden. The goblin closely misses you.
A goblin comes into view. It is wielding a +0 club.
You closely miss the goblin. You block the goblin's attack.
The goblin barely misses you.
You closely miss the goblin. The goblin hits you but does no damage.
You slash the goblin!
You kill the goblin!
You slash the ogre!
The ogre is severely wounded.
The ogre hits you with a +0 giant club.
You barely miss the ogre.
The ogre is severely wounded.
The ogre closely misses you.
You hit the ogre.
The ogre is almost dead.
The ogre misses you.
You barely miss the ogre.
The ogre is almost dead.
The ogre hits you with a +0 giant club!!
Ouch! That really hurt!
You die...

##.#...###...#.# #..
###.......+<..#.# #..
#........##...#.# ###
#.#...........#.# #
#...#...#.###.#.## ##
#................######### #.
#..#...#.......#..........###.
#.##.###.#######.####......##.
#.....<).gggO@...# #.........
###......gg####### #.....##..
#....##'## #.....#... #....#O(
#.....#.#. ##...#g. #.....#.#.
#...#gg #.....#.#. #...###
#.....#.## #.... #######.


You could see an ogre and 5 goblins.

Vanquished Creatures
  4 adders (D:2)
  3 bats
  6 endoplasms
  3 giant cockroaches
  4 goblins
  5 hobgoblins
  2 jackals (D:2)
  3 quokkas (D:2)
  6 ball pythons
  2 frilled lizards
  7 kobolds
  A rat (D:1)
46 creatures vanquished.

Notes
Turn   | Place    | Note
-------+----------+-------------------------------------------
     0 | D:1      | timneilson the Gargoyle Fighter began the quest for the
                  | Orb.
     0 | D:1      | Reached XP level 1. HP: 14/14 MP: 1/1
   274 | D:1      | Reached XP level 2. HP: 19/19 MP: 2/2
   618 | D:2      | Reached XP level 3. HP: 23/23 MP: 3/3
   743 | D:2      | Reached XP level 4. HP: 20/28 MP: 4/4
   886 | D:2      | Found a faded altar of an unknown god.
  1227 | D:3      | Noticed an ogre
  1241 | D:3      | Slain by an ogre

Illustrated notes

Levels and vault maps discovered:
D:1:      dpeg_arrival_lava_temple_mockup, layout_rooms
D:2:      layout_rooms, nicolae_ecumenical_snake_handling
D:3:      layout_basic, minmay_ogre_servants

Skill      XL: |  1  2  3  4 |
---------------+-------------+-----
Long Blades    | 2 |  2.5
Armour         | 4 |  4.1
Shields        | 4 |  4.0
Fighting       | |  3.6
Dodging        | |  0.7

Action                     |  1- 3 |  4- 6 || total
---------------------------+-------+-------++-------
  Melee: Long sword        |   112 |    77 ||   189
    Use: Scroll            |     3 |     1 ||     4
         Potion            |       |     1 ||     1
 Armour: Scale mail        |    33 |       ||    33
         Chain mail        |    69 |    80 ||   149
  Dodge: Dodged            |    49 |    53 ||   102
  Block: Buckler           |    37 |    13 ||    50

Table legend: (Time is in decaauts)
 A = Elapsed time spent in this place.
 B = Non-inter-level travel time spent in this place.
 C = Inter-level travel time spent in this place.
 D = Time resting spent in this place.
 E = Time spent auto-exploring this place.
 F = Levels seen in this place.
 G = Mean time per level.
                   A        B        C        D        E       F      G
               +--------+--------+--------+--------+--------+-----+--------+
         Total |   1299 |   1267 |     32 |      3 |    867 |   3 |  433.0 |
       Dungeon |   1299 |   1267 |     32 |      3 |    867 |   3 |  433.0 |
               +--------+--------+--------+--------+--------+-----+--------+

Top non-repeatable levels by time:
     D:2: 617 daAuts
     D:1: 532 daAuts
     D:3: 149 daAuts
